 Dungeon Crawl Stone Soup version 0.29-a0-819-g94b489e0ae (webtiles) character file.

Game seed: 7763348189637669209

1961 kevlar127 the Grappler (level 9, -4/139 HPs)
             Began as a Troll Berserker on July 7, 2022.
             Was a Priest of Trog.
             Slain by a gnoll
             ... wielding a +0 halberd
             ... led by a gnoll sergeant
              (9 damage)
             ... on level 8 of the Dungeon.
             The game lasted 00:10:46 (5760 turns).

kevlar127 the Grappler (Troll Berserker)            Turns: 5760, Time: 00:10:47

Health: -4/139     AC:  6    Str: 31    XL:     9   Next: 0%
Magic:  8/8        EV: 10    Int:  9    God:    Trog [***...]
Gold:   377        SH:  0    Dex:  9    Spells: 8/8 levels left

rFire   . . .      SeeInvis .     - Unarmed
rCold   . . .      Faith    .   (no shield)
rNeg    . . .      Spirit   .   a - +0 animal skin
rPois   .          Reflect  .   o - +2 hat
rElec   .          Harm     .   (no cloak)
rCorr   .          Rampage  .   (gloves unavailable)
Will    ++...                   (boots unavailable)
Stlth   ..........              g - amulet of regeneration
HPRegen 2.93/turn               n - +6 ring of intelligence
MPRegen 0.11/turn               u - ring of flight

@: berserking (expiring), strong-willed, flying, regenerating, very quick
A: large, unfitting armour, claws 3, regeneration 1, shaggy fur 1, tough skin 1
a: Renounce Religion, Berserk, Trog's Hand


You were on level 8 of the Dungeon.
You worshipped Trog.
Trog was most pleased with you.
You visited 1 branch of the dungeon, and saw 8 of its levels.

You collected 377 gold pieces.

Inventory:

Missiles
 i - 59 stones (quivered)
 r - 11 poisoned darts
 A - a throwing net
 B - 10 large rocks
Armour
 a - a +0 animal skin (worn)
 j - a +0 kite shield
 o - a +2 hat (worn)
Jewellery
 g - an amulet of regeneration (around neck)
 n - a +6 ring of intelligence (left claw)
 u - a ring of flight (right claw)
Wands
 y - a wand of mindburst (19)
 C - a wand of flame (52)
 D - a wand of polymorph (10)
Scrolls
 b - a scroll of vulnerability {unknown}
 d - a scroll of acquirement {unknown}
 h - 7 scrolls of identify {unknown}
 l - 5 scrolls of teleportation {unknown}
 m - 2 scrolls of torment {unknown}
 p - 3 scrolls of immolation {unknown}
 s - a scroll of amnesia {unknown}
 t - a scroll of magic mapping {unknown}
 w - 2 scrolls of enchant weapon {unknown}
 G - a scroll of silence {unknown}
Potions
 c - a potion of ambrosia {unknown}
 e - 5 potions of might {unknown}
 f - 4 potions of heal wounds {unknown}
 k - 4 potions of curing {unknown}
 q - a potion of brilliance {unknown}
 v - 2 potions of cancellation {unknown}
 x - a potion of degeneration {unknown}
 z - a potion of flight {unknown}
 E - 2 potions of invisibility {unknown}
 F - a potion of lignification {unknown}


   Skills:
 + Level 7.3 Fighting
 - Level 2.6 Dodging
 + Level 8.8 Unarmed Combat


You had 8 spell levels left.
You didn't know any spells.
Your spell library was empty.

Dungeon Overview and Level Annotations

Branches:
Dungeon (8/15)             Temple (0/1) D:7
   Lair: D:8-11

Altars:
Cheibriados
Gozag
Qazlal
Yredelemnul
Zin

Shops:
D:1 *   D:3 :=   D:4 (

Annotations:
D:4 2 transporters, scionoferis's ghost, amateur OpTm


Innate Abilities, Weirdness & Mutations

You are too large for most types of armour.
You have claws for hands.
Your natural rate of healing is unusually fast.
You are covered in fur. (AC +1)
You have tough skin. (AC +1)


Message History

You claw the gnoll sergeant!
The gnoll sergeant is severely wounded.
The steam dragon bites you.
* * * LOW HITPOINT WARNING * * *
The steam dragon barely misses you.
The gnoll hits you from afar with a +0 halberd.
* * * LOW HITPOINT WARNING * * *
The gnoll sergeant hits you with a +0 trident.
* * * LOW HITPOINT WARNING * * *
You completely miss the gnoll sergeant.
The gnoll sergeant is severely wounded.
You barely miss the gnoll sergeant.
The gnoll sergeant is severely wounded.
An orc comes into view. It is wielding a +0 club.
The orc wizard gestures wildly while chanting.
The orc wizard flickers and vanishes!
Deactivating autopickup; reactivate with Ctrl-A.
The gnoll hits you from afar with a +0 halberd!
* * * LOW HITPOINT WARNING * * *
The gnoll sergeant hits you with a +0 trident!
* * * LOW HITPOINT WARNING * * *
The steam dragon breathes steam at you. The ball of steam hits you!
* * * LOW HITPOINT WARNING * * *
The orc shouts!
You closely miss the steam dragon.
The steam dragon is moderately wounded.
You are engulfed in a cloud of scalding steam.
* * * LOW HITPOINT WARNING * * *
The steam dragon barely misses you. The steam dragon claws you.
* * * LOW HITPOINT WARNING * * *
The orc hits you but does no damage. The gnoll sergeant closely misses you.
You claw the steam dragon!
The steam dragon is severely wounded.
The steam dragon bites you.
* * * LOW HITPOINT WARNING * * *
The steam dragon closely misses you. The orc hits you with a +0 dagger.
* * * LOW HITPOINT WARNING * * *
The gnoll hits you from afar with a +0 halberd!
You die...

#. #....# ..
..#### #....#...
.......##.:..#...
....o...#......#
..............##.
.............!...
......ooD)g..###.
.....$..@§g...)..
..........§>..###
.........####.#
................
.#.....<....### .
#####..#####
...## ####


You could see a steam dragon (catching breath), a gnoll sergeant, a gnoll and 3
orcs.

Vanquished Creatures
  The ghost of buhh the Insei, a novice OpTm (D:5)
  2 ice beasts
  A sky beast (D:6)
  An ogre (D:5)
  A centaur (D:5)
  A phantom (D:6)
  A bullfrog (D:6)
  3 scorpions
  2 necrophages (D:6)
  4 hounds
  An iron imp (D:4)
  2 jellies
  5 orc priests
  4 iguanas
  3 orc wizards
  8 gnolls
  6 adders
  2 shadow imps
  5 white imps
  An ufetubus (D:6)
  A worm (D:3)
  2 dart slugs (D:1)
  16 orcs
  7 ball pythons
  8 endoplasms
  3 giant cockroaches
  8 goblins
  7 hobgoblins
  4 kobolds
  5 quokkas
  5 bats
  A frilled lizard (D:2)
  8 rats
  A spectral orc (D:7)
130 creatures vanquished.

Notes
Turn   | Place    | Note
-------+----------+-------------------------------------------
     0 | D:1      | kevlar127 the Troll Berserker began the quest for the Orb.
     0 | D:1      | Reached XP level 1. HP: 22/22 MP: 0/0
   213 | D:1      | Reached XP level 2. HP: 29/29 MP: 1/1
   350 | D:1      | Found Hyil's Assorted Antiques.
   608 | D:1      | Reached XP level 3. HP: 36/36 MP: 2/2
   942 | D:2      | Found a faded altar of an unknown god.
   981 | D:2      | Reached ** piety under Trog
  1058 | D:2      | Found a glowing silver altar of Zin.
  1822 | D:3      | Found Qilamad's Jewellery Emporium.
  1953 | D:3      | Reached XP level 4. HP: 45/45 MP: 3/3
  1954 | D:3      | Reached skill level 4 in Unarmed Combat
  1980 | D:3      | Found Highagor's Vocational Training.
  2468 | D:4      | Found a stormy altar of Qazlal.
  2533 | D:4      | Reached XP level 5. HP: 51/54 MP: 4/4
  2598 | D:4      | Found Zukasece's Weapon Shoppe.
  2628 | D:4      | Found a snail-covered altar of Cheibriados.
  2633 | D:4      | Reached skill level 5 in Unarmed Combat
  2721 | D:4      | Reached XP level 6. HP: 49/62 MP: 5/5
  2746 | D:4      | Found a transporter.
  2746 | D:4      | Noticed scionoferis's ghost (amateur OpTm)
  2749 | D:4      | Found a transporter.
  2898 | D:5      | Entered Level 5 of the Dungeon
  3039 | D:5      | Reached skill level 6 in Unarmed Combat
  3039 | D:5      | Reached XP level 7. HP: 71/71 MP: 6/6
  3069 | D:5      | Reached skill level 5 in Fighting
  3089 | D:5      | Reached *** piety under Trog
  3291 | D:5      | Identified the -2 pair of boots of the Orb Guardian
                  | {Rampage Slay+3}
  3348 | D:5      | Found a runed translucent gate.
  3351 | D:5      | Found a runed translucent gate.
  3351 | D:5      | Found a runed translucent gate.
  3352 | D:5      | Noticed buhh's ghost (novice OpTm)
  3702 | D:5      | Killed buhh's ghost
  3703 | D:5      | Reached skill level 7 in Unarmed Combat
  3703 | D:5      | Reached XP level 8. HP: 66/83 MP: 7/7
  4214 | D:6      | Reached skill level 8 in Unarmed Combat
  5150 | D:7      | Found an opulent altar of Gozag.
  5208 | D:7      | Found a staircase to the Ecumenical Temple.
  5387 | D:7      | Found a basalt altar of Yredelemnul.
  5754 | D:8      | Reached XP level 9. HP: 40/93 MP: 8/8
  5760 | D:8      | HP: 6/139 [steam dragon (4)]
  5760 | D:8      | Slain by a gnoll

Illustrated notes

Levels and vault maps discovered:
D:1:      dpeg_chamrin_arrival_tetris, layout_basic, serial_shops,
          nicolae_shop_stone, corexii_corridor_pit,
          chequers_serial_rivers_large_b, minmay_misc_feat_x,
          minmay_misc_feat_nine_boxes
D:2:      layout_basic, shapermc_ecumenical_altar_gd, basic_altar,
          minmay_pentomino_x4
D:3:      layout_basic, serial_shops, shop, nicolae_shop_vocational
D:4:      layout_basic, lemuel_doored_altar, slow_altar_2, serial_shops,
          shop_fountains, gammafunk_ghost_mausoleum
D:5:      layout_basic, ebering_ghost_rock_garden
D:6:      layout_cave_pods
D:7:      layout_basic, yredelemnul_forgotten_temple_becter,
          lemuel_crystal_altar, temple_doors_e, chequers_serial_rivers_small_a
D:8:      layout_rooms, mainiacjoe_overflow_small_starburst, st_stairs_11,
          minmay_starry_boxes

Skill      XL: |  1  2  3  4  5  6  7  8 |
---------------+-------------------------+-----
Fighting       | 3 4 6 7 |  7.3
Unarmed Combat | 4 5 6 7 8 |  8.8
Dodging        | |  2.6

Action                   |  1- 3 |  4- 6 |  7- 9 || total
-------------------------+-------+-------+-------++-------
Melee: Unarmed           |   100 |   110 |   147 ||   357
       Punch             |       |     3 |     5 ||     8
Invok: Trog's Hand       |       |       |     2 ||     2
       Berserk           |       |       |     1 ||     1
 Stab: Sleeping          |     1 |     1 |       ||     2
Armor: Animal skin       |    40 |    23 |    57 ||   120
Dodge: Dodged            |    48 |    51 |    86 ||   185

Table legend: (Time is in decaauts)
 A = Elapsed time spent in this place.
 B = Non-inter-level travel time spent in this place.
 C = Inter-level travel time spent in this place.
 D = Time resting spent in this place.
 E = Time spent auto-exploring this place.
 F = Levels seen in this place.
 G = Mean time per level.
                   A        B        C        D        E       F      G
               +--------+--------+--------+--------+--------+-----+--------+
         Total |   5742 |   5419 |    323 |    266 |   4366 |   8 |  717.8 |
       Dungeon |   5742 |   5419 |    323 |    266 |   4366 |   8 |  717.8 |
               +--------+--------+--------+--------+--------+-----+--------+

Top non-repeatable levels by time:
     D:6: 1039 daAuts
     D:7: 917 daAuts
     D:1: 898 daAuts
     D:5: 858 daAuts
     D:2: 857 daAuts
     D:3: 704 daAuts
     D:4: 450 daAuts
     D:8: 15 daAuts
